 Dungeon Crawl Stone Soup version 0.18.1-5-g4a78601 (webtiles) character file.

135 epen the Cutter (level 5, 0/35 HPs)
             Began as a Halfling Gladiator on May 13, 2016.
             Was an Initiate of Okawaru.
             Killed by divine providence
             ... invoked by an orc priest
              (13 damage)
             ... on level 3 of the Dungeon.
             The game lasted 00:04:07 (2006 turns).

epen the Cutter (Halfling Gladiator)                Turns: 2006, Time: 00:04:08

Health: 0/35       AC: 13    Str: 16    XL:     5   Next: 42%
Magic:  5/5        EV: 21    Int:  7    God:    Okawaru [......]
Gold:   118        SH:  0    Dex: 20    Spells: 0 memorised, 4 levels left

rFire  . . .     SeeInvis .     m - +1 short sword (drain)
rCold  . . .     Gourm    .     q - +0 ring mail
rNeg   . . .     Faith    .     (shield restricted)
rPois  .         Spirit   .     c - +0 helmet
rElec  .         Dismiss  .     u - +0 cloak
rCorr  .         Reflect  .     g - +0 pair of gloves
SustAt .         Harm     .     (no boots)
MR     .....                    (no amulet)
Stlth  ++........               (no ring)
                                o - +5 ring of protection

@: agile, not resistant to hostile enchantments, unstealthy
A: mutation resistance 1
a: Renounce Religion


You were on level 3 of the Dungeon.
You worshipped Okawaru.
Okawaru was noncommittal.
You were not hungry.

You visited 1 branch of the dungeon, and saw 3 of its levels.

You collected 118 gold pieces.

Inventory:

Hand Weapons
 a - a +0 rapier
 m - a +1 short sword of draining (weapon)
Missiles
 d - 3 throwing nets (quivered)
Armour
 b - a +0 leather armour
 c - a +0 helmet (worn)
 g - a +0 pair of gloves (worn)
 q - a +0 ring mail (worn)
 u - a +0 cloak (worn)
Jewellery
 o - a +5 ring of protection (left hand)
Scrolls
 l - a scroll of enchant weapon {unknown}
 p - 3 scrolls of fog {unknown}
 t - 2 scrolls of teleportation {unknown}
 v - a scroll of magic mapping {unknown}
 w - a scroll of random uselessness {unknown}
 x - a scroll of noise {unknown}
Potions
 e - a potion of agility
 j - a potion of invisibility {unknown}
 k - a potion of cure mutation {unknown}
 n - a potion of haste {unknown}
 s - a potion of lignification {unknown}
Comestibles
 f - 2 bread rations
 h - 2 meat rations
 r - 3 fruits
 z - 3 chunks of flesh


   Skills:
 + Level 2.4 Fighting
 * Level 5.3 Short Blades
 - Level 2.1 Throwing
 + Level 1.6 Armour
 * Level 4.6 Dodging


You had 4 spell levels left.
You didn't know any spells.

Dungeon Overview and Level Annotations

Branches:
Dungeon (3/15)

Altars:
Ashenzari
Makhleb
Okawaru
Pakellas
Qazlal
Ru
Sif Muna
Trog
Vehumet

Annotations:
D:3 Natasha


Innate Abilities, Weirdness & Mutations

You are small and have problems with some larger weapons.
You are somewhat resistant to further mutation.


Message History

You barely miss Natasha. The crimson imp barely misses you.
The jackal misses you.
Drink which item? (? for menu, Esc to quit)
Okay, then.
Read which item? (? for menu, Esc to quit)
As you read the scroll labeled OSAOBUUGESK, it crumbles to dust.
It is a scroll of identify.
Identify which item? (\ to view known items) (? for menu, Esc to quit)
Choose an unidentified item, or Esc to abort.
Identify which item? (\ to view known items) (? for menu, Esc to quit)
e - 2 potions of agility The jackal barely misses you.
Natasha barely misses you. The crimson imp completely misses you.
Drink which item? (? for menu, Esc to quit)
You feel agile all of a sudden. The jackal closely misses you.
The orc misses you. Natasha barely misses you. The crimson imp misses you.
The orc priest mumbles some strange prayers to Beogh against you.
Beogh smites you!
You die...

##..##.##...........)..... ###
##..##.##.#######.##.#.##. #..
..........# ##.##.# #.#
.####...### #.....# ##.## .#
#...# #..#### ... o# #...#
#..####.# #.# .#
#...########.......# #.### .#
#...o>....##5############..<.
.####...#####.##@#######.....####
....>.........ohoh.........†.#
......^..)........####.......#
...............#..#####......#
#####.........##.....##......#
#...#########.##.##.###### #...#
#..(....# #...# ####.#### #...#
#..


You could see an orc priest, Natasha, a crimson imp, an orc and a jackal.

Vanquished Creatures
  Natasha (D:3)
  3 adders
  An ooze (D:3)
  A worm (D:2)
  5 dart slugs
  2 giant geckos (D:1)
  An orc (D:3)
  4 bats (D:1)
  A giant cockroach (D:2)
  5 hobgoblins
  16 jackals
  6 goblins
  5 kobolds
  9 rats
60 creatures vanquished.

Notes
Turn   | Place    | Note
--------------------------------------------------------------
     0 | D:1      | epen the Halfling Gladiator began the quest for the Orb.
     0 | D:1      | Reached XP level 1. HP: 14/14 MP: 1/1
    67 | D:1      | Reached XP level 2. HP: 17/19 MP: 2/2
   348 | D:1      | Reached XP level 3. HP: 8/24 MP: 3/3
   571 | D:1      | Found a shattered altar of Ashenzari.
   724 | D:1      | Reached skill level 1 in Armour
  1149 | D:2      | Found a stormy altar of Qazlal.
  1157 | D:2      | Reached XP level 4. HP: 29/29 MP: 4/4
  1424 | D:2      | Found a faded altar to an unknown god.
  1527 | D:2      | Found a sacrificial altar of Ru.
  1530 | D:2      | Found a deep blue altar of Sif Muna.
  1530 | D:2      | Found a radiant altar of Vehumet.
  1530 | D:2      | Found an iron altar of Okawaru.
  1533 | D:2      | Found a burning altar of Makhleb.
  1533 | D:2      | Found an oddly glowing altar of Pakellas.
  1534 | D:2      | Found a bloodstained altar of Trog.
  1754 | D:2      | Became a worshipper of Warmaster Okawaru
  1789 | D:3      | Reached skill level 5 in Short Blades
  1808 | D:3      | Reached XP level 5. HP: 34/34 MP: 5/5
  1835 | D:3      | Noticed Natasha
  1846 | D:3      | Killed Natasha
  1999 | D:3      | Noticed Natasha
  2006 | D:3      | Killed from afar by an orc priest

Skill      XL: |  1  2  3  4 |
---------------+-------------+-----
Fighting       | 2 |  2.4
Armour         | 1 |  1.6
Dodging        | 4 |  4.6
Short Blades   | 5 |  5.3
Throwing       | |  2.1

Action                   |  1- 3 |  4- 6 || total
-------------------------+-------+-------++-------
Melee: Rapier            |    81 |       ||    81
       Short sword       |    42 |    97 ||   139
  Use: Potion            |     1 |     1 ||     2
       Scroll            |       |     1 ||     1
 Stab: Sleeping          |     1 |       ||     1
  Eat: Chunk             |     1 |     3 ||     4
Armor: Leather armour    |    26 |       ||    26
       Ring mail         |     2 |    34 ||    36
Dodge: Dodged            |   115 |   109 ||   224
